 Dungeon Crawl Stone Soup version 0.29-a0-284-gf9362112df (webtiles) character file.

Game seed: 14377567143001476667

16 sokol815 the Skirmisher (level 2, -1/24 HPs)
             Began as a Demonspawn Monk on Mar 24, 2022.
             Slain by a kobold
             ... wielding a +2 short sword of holy wrath
              (4 damage)
             ... on level 1 of the Dungeon.
             The game lasted 00:01:26 (862 turns).

sokol815 the Skirmisher (Demonspawn Monk)            Turns: 862, Time: 00:01:27

Health: -1/24      AC:  2    Str: 11    XL:     2   Next: 41%
Magic:  2/2        EV: 12    Int: 11    God:
Gold:   38         SH:  0    Dex: 15    Spells: 1/1 levels left

rFire   . . .      SeeInvis .   c - +1 dagger (venom)
rCold   . . .      Faith    .   (no shield)
rNeg    . . .      Spirit   .   b - +0 robe
rPois   .          Reflect  .   (no helmet)
rElec   .          Harm     .   (no cloak)
rCorr   .          Rampage  .   (no gloves)
Will    .....                   (no boots)
Stlth   ++........              (no amulet)
HPRegen 0.08/turn               (no ring)
MPRegen 0.08/turn               (no ring)

@: no status effects
A: ignite blood 1
a: no special abilities


You were on level 1 of the Dungeon.
You visited 1 branch of the dungeon, and saw 2 of its levels.

You collected 38 gold pieces.

Inventory:

Hand Weapons
 a - a +0 hand axe
 c - a +1 dagger of venom (weapon)
   (You took it off a goblin on level 1 of the Dungeon)
Missiles
 s - 13 stones
Armour
 b - a +0 robe (worn)
Scrolls
 d - 4 scrolls of identify {unknown}
 e - a scroll of teleportation {unknown}
Potions
 f - a potion of curing {unknown}
 g - a potion of resistance {unknown}
 G - a potion of ambrosia {!q}


   Skills:
 - Level 3.0 Fighting
 * Level 1.5 Short Blades
 - Level 2.8 Axes
 - Level 2.6 Dodging
 * Level 2.0 Stealth


You had one spell level left.
You didn't know any spells.
Your spell library was empty.

Dungeon Overview and Level Annotations

Branches:
Dungeon (2/15)

Altars:


Innate Abilities, Weirdness & Mutations

Your demonic aura sometimes causes spilled blood to erupt in flames.


Message History

You closely miss the quokka. The quokka bites you.
You hit the quokka.
You kill the quokka!
No target in view!
You see here a quokka corpse.
You open the door.
There is an open door here.
You open the door.
There is an open door here.
A ball python comes into view.
Health restored: 24 The helpless ball python fails to defend itself.
You puncture the ball python!
You kill the ball python!
You see here a ball python corpse.
Found a stone staircase leading down.
There is a stone staircase leading down here.
f - a fizzy green potion You now have 26 gold pieces (gained 5).
A quokka comes into view.
The helpless quokka fails to defend itself.
You puncture the quokka!
You kill the quokka!
Found a stone staircase leading down.
You now have 38 gold pieces (gained 12).
s - 13 stones (quivered)
You see here a quokka corpse.
A sourceless malevolence fills the Dungeon...
You fall into a shaft and drop 1 floor!
The shaft crumbles and collapses.
A worm and an endoplasm come into view.
Found a stone staircase leading up.
A frilled lizard comes into view.
The frilled lizard hisses angrily.
Found a stone staircase leading down.
There is a stone staircase leading up here.
You climb upwards.
There is a stone staircase leading down here.
d - 4 scrolls labelled ZUGHUS BANU (gained 1)
A frilled lizard comes into view.
You throw a stone. The stone hits the frilled lizard.
You kill the frilled lizard!
Your Stealth skill increases to level 2!
No target in view!
No target in view!
No target in view!
Clearing quiver.
s - 13 stones (gained 1)
You see here a frilled lizard corpse.
g - a silvery potion A bat and a hobgoblin come into view.
You miss the bat. The bat hits you but does no damage.
The bat closely misses you.
You closely miss the bat. The bat hits you. The bat misses you.
You take 1 damage, and have 23/24 hp.
You hit the bat. The bat closely misses you.
You hit the bat but do no damage. The bat barely misses you.
You hit the bat.
You kill the bat!
You see here a bat corpse.
The hobgoblin shouts!
You closely miss the hobgoblin.
The hobgoblin hits you but does no damage.
You barely miss the hobgoblin. The hobgoblin closely misses you.
You closely miss the hobgoblin. The hobgoblin hits you.
You take 1 damage, and have 22/24 hp.
You hit the hobgoblin but do no damage.
The hobgoblin is poisoned.
The hobgoblin hits you but does no damage.
You hit the hobgoblin.
You kill the hobgoblin!
No target in view!
No target in view!
You see here a bat corpse.
A kobold comes into view.
It is wielding a +2 short sword of holy wrath.
Health restored: 24 The kobold closely misses you.
You barely miss the kobold.
The kobold hits you with a +2 short sword of holy wrath.
You convulse.
You take 11 damage, and have 13/24 hp.
MASSIVE DAMAGE!!
You are too injured to fight recklessly!
You are too injured to fight recklessly!
You are too injured to fight recklessly!
You are too injured to fight recklessly!
You hit the kobold but do no damage.
The kobold is poisoned.
The kobold hits you with a +2 short sword of holy wrath.
You convulse.
You take 5 damage, and have 8/24 hp.
MASSIVE DAMAGE!!
You closely miss the kobold.
The kobold hits you with a +2 short sword of holy wrath.
* * * LOW HITPOINT WARNING * * *
You convulse.
* * * LOW HITPOINT WARNING * * *
You take 5 damage, and have 3/24 hp.
MASSIVE DAMAGE!!
You barely miss the kobold.
The kobold hits you with a +2 short sword of holy wrath.
You die...

### ..# ##
#.. .#
#.###.#
#K..#.#
#@#.#.#
#.#.#.#
#.#.#.#
#.....#
###.### ###
#.#
##.###.#
####...#..#
+....†.†.##


You could see a kobold (very poisoned).

Vanquished Creatures
  A dart slug (D:1)
  2 endoplasms (D:1)
  A goblin (D:1)
  2 hobgoblins (D:1)
  2 quokkas (D:1)
  A ball python (D:1)
  A bat (D:1)
  A frilled lizard (D:1)
  3 rats (D:1)
14 creatures vanquished.

Notes
Turn   | Place    | Note
-------+----------+-------------------------------------------
     0 | D:1      | sokol815 the Demonspawn Monk began the quest for the Orb.
     0 | D:1      | Reached XP level 1. HP: 18/18 MP: 1/1
   295 | D:1      | Reached skill level 1 in Short Blades
   370 | D:1      | Gained mutation: Your demonic aura sometimes causes spilled
                  | blood to erupt in flames. [demonic ancestry]
   370 | D:1      | Reached XP level 2. HP: 16/24 MP: 2/2
   740 | D:1      | You fall into a shaft and drop 1 floor!
   779 | D:1      | Reached skill level 2 in Stealth
   861 | D:1      | HP: 4/24 [kobold/+2 short sword of holy wrath (4)]
   862 | D:1      | Slain by a kobold

Illustrated notes

Levels and vault maps discovered:
D:1:      amcnicky_arrival_gap_in_the_tavern_cellar, layout_loops_corners
D:2:      layout_rooms, kennysheep_generic_room_14

Skill      XL: |  1  2 |
---------------+-------+-----
Short Blades   | 1 |  1.5
Stealth        | 2 |  2.0
Fighting       | |  3.0
Axes           | |  2.8
Dodging        | |  2.6

Action                   || total
-------------------------++-------
Melee: Dagger            ||    37
       Hand axe          ||     2
Throw: Stone             ||     1
 Stab: Sleeping          ||     4
Armor: Robe              ||     4
Dodge: Dodged            ||    14

Table legend: (Time is in decaauts)
 A = Elapsed time spent in this place.
 B = Non-inter-level travel time spent in this place.
 C = Inter-level travel time spent in this place.
 D = Time resting spent in this place.
 E = Time spent auto-exploring this place.
 F = Levels seen in this place.
 G = Mean time per level.
                   A        B        C        D        E       F      G
               +--------+--------+--------+--------+--------+-----+--------+
         Total |    860 |    860 |      0 |    268 |    484 |   2 |  430.0 |
       Dungeon |    860 |    860 |      0 |    268 |    484 |   2 |  430.0 |
               +--------+--------+--------+--------+--------+-----+--------+

Top non-repeatable levels by time:
     D:1: 849 daAuts
     D:2: 10 daAuts

Table legend:
 A = Kills in this place as a percentage of kills in entire the game.
 B = Kills by you in this place as a percentage of kills by you in the entire game.
 C = Kills by friends in this place as a percentage of kills by friends in the entire game.
 D = Other kills in this place as a percentage of other kills in the entire game.
 E = Experience gained in this place as a percentage of experience gained in the entire game.
 F = Experience gained in this place divided by the number of levels of this place that you have seen.
                   A       B       C       D       E      F
               +-------+-------+-------+-------+-------+----------------------
         Total | 100.0 | 100.0 |   N/A |   N/A | 100.0 |  12.0
       Dungeon | 100.0 | 100.0 |   N/A |   N/A | 100.0 |  12.0
               +-------+-------+-------+-------+-------+----------------------
